 Dungeon Crawl Stone Soup version 0.27.0-1-g7a089689b8 (webtiles) character file.

Game seed: 3603804657686534740

247 wakim the Chiller (level 5, -1/28 HPs)
             Began as a Deep Elf Ice Elementalist on Aug 3, 2021.
             Killed by nerve-wracking pain
             ... invoked by Menkaure
              (16 damage)
             ... on level 4 of the Dungeon.
             The game lasted 00:10:38 (3798 turns).

wakim the Chiller (Deep Elf Ice Elementalist)       Turns: 3798, Time: 00:10:39

Health: -1/28      AC:  2    Str:  5    XL:     5   Next: 85%
Magic:  13/13      EV: 12    Int: 21    God:
Gold:   72         SH:  0    Dex: 15    Spells: 5/12 levels left

rFire    . . .     SeeInvis .   b - +2 dagger (speed)
rCold    . . .     Faith    .   (no shield)
rNeg     . . .     Spirit   .   h - +0 robe
rPois    .         Reflect  .   (no helmet)
rElec    .         Harm     +   e - scarf {harm}
rCorr    .         Rampage  .   (no gloves)
Will     .....                  (no boots)
Stlth    ++........             (no amulet)
HPRegen  0.09/turn              (no ring)
MPRegen  0.13/turn              (no ring)

@: no status effects
A: no striking features
a: no special abilities


You were on level 4 of the Dungeon.
You visited 1 branch of the dungeon, and saw 4 of its levels.

You collected 72 gold pieces.

Inventory:

Hand Weapons
 a - a +0 short sword of speed
 b - a +2 dagger of speed (weapon)
Armour
 e - a scarf of harm (worn)
 h - a +0 robe (worn)
Wands
 u - a wand of mindburst (13)
 y - a wand of paralysis (10)
Scrolls
 g - a scroll of fear {unknown}
 j - 2 scrolls of noise {unknown}
 r - a scroll of identify
Potions
 c - 2 potions of haste {unknown}
 d - a potion of mutation {unknown}
 f - a potion of curing {unknown}
 i - 2 potions of lignification {unknown}
 J - 2 potions of heal wounds
 N - a potion of might


   Skills:
 - Level 2.4 Dodging
 - Level 2.4 Stealth
 - Level 4.0 Spellcasting
 * Level 7.5 Ice Magic


You had 5 spell levels left.
You knew the following spells:

 Your Spells              Type           Power      Damage    Failure   Level
a - Freeze                Ice            100%       1d11      1%          1
b - Frozen Ramparts       Ice            72%        1d9       1%          3
c - Ozocubu's Armour      Ice            36%        N/A       1%          3

Your spell library contained the following spells:

 Spells                   Type           Power      Damage    Failure   Level
 Corpse Rot               Necr/Air       N/A        N/A       19%         2
 Poisonous Vapours        Pois/Air       8%         N/A       19%         2
 Hailstorm                Conj/Ice       20%        3d6       26%         4
 Freezing Cloud           Conj/Ice/Air   7%         6-21      75%         5


Dungeon Overview and Level Annotations

Branches:
Dungeon (4/15)
 Temple: D:4-7

Altars:
Cheibriados
Qazlal

Shops:
D:2 *

Annotations:
D:3 exclusion: steam dragon
D:4 Menkaure


Message History

The adder skeleton resists.
The wall freezes the adder skeleton.
The adder skeleton barely misses you.
You hit the adder skeleton.
The adder skeleton is moderately damaged.
You hit the adder skeleton.
The adder skeleton is heavily damaged.
The adder skeleton resists.
The wall freezes the adder skeleton.
The adder skeleton misses you.
You hit the adder skeleton.
You destroy the adder skeleton!
Your icy armour cracks and falls away as you move.
The frozen ramparts melt away as you move.
y - a wand of paralysis (10)
Things that are here:
a +0 dagger; a +0 ring mail
There is a shaft here.
There is a shaft here.
Menkaure, Prince of Dust comes into view.
There is a shaft here.
Press: ? - help, v - describe, . - travel
Here: Menkaure (wandering, hasn't noticed you)
The floor.
Menkaure shouts!
There is a shaft here.
Unknown command.
Menkaure calls on the powers of darkness!
Your body is wracked with pain!
Ouch! That really hurt!
* * * LOW HITPOINT WARNING * * *
There is a shaft here.
There is a shaft here.
There is a shaft here.
Menkaure gestures wildly while chanting.
Menkaure seems to speed up.
A dart slug comes into view.
Menkaure says, "Why can't you leave me to my rest?"
Menkaure points at you and mumbles some strange words.
Pain shoots through your body!
Ouch! That really hurt!
You die...

..#######.....#######.......##
........+.....).............>#
..#######......#####........##
.....####......# #........#
##.....##......#####.########
#.....##......#.....#
#.....##......#.#####
#.....#######.#†# ####.'#####
#.#@# #.≈≈≈.^..^####+#.#
.^§#§..#.^(##....#
.(.#§.^§#^≈......#
§##§≈.≈#.^......M#
^^^^....^≈≈......#
.§§.._...........#
.§§≈...^..^##....# ..
≈^#..§M^##.##....####....


You could see Menkaure (fast).

Vanquished Creatures
  A black bear (D:4)
  Ijyb (D:4)
  An iguana (D:4)
  2 adders (D:2)
  2 adder skeletons (D:4)
  2 worms
  2 dart slugs
  An orc (D:3)
  5 ball pythons
  9 endoplasms
  A giant cockroach (D:2)
  15 goblins
  3 hobgoblins
  12 jackals
  A quokka (D:1)
  3 bats
  A frilled lizard (D:2)
  7 kobolds
  A quokka skeleton (D:4)
  3 rats
73 creatures vanquished.

Vanquished Creatures (others)
  A fungus (D:3)
  5 plants (D:3)
6 creatures vanquished.

Grand Total: 79 creatures vanquished

Notes
Turn   | Place    | Note
-------+----------+-------------------------------------------
     0 | D:1      | wakim the Deep Elf Ice Elementalist began the quest for the
                  | Orb.
     0 | D:1      | Reached XP level 1. HP: 10/10 MP: 6/6
   314 | D:1      | Reached XP level 2. HP: 9/15 MP: 2/8
   586 | D:1      | Reached skill level 5 in Ice Magic
  1404 | D:1      | Reached XP level 3. HP: 19/19 MP: 7/10
  1414 | D:1      | Learned a level 3 spell: Frozen Ramparts
  1511 | D:1      | Found a faded altar of an unknown god.
  1876 | D:2      | Learned a level 3 spell: Ozocubu's Armour
  2207 | D:2      | Found Coz Voike's Assorted Antiques.
  2217 | D:2      | Reached XP level 4. HP: 23/24 MP: 4/12
  2374 | D:2      | Found a snail-covered altar of Cheibriados.
  2762 | D:3      | Reached skill level 6 in Ice Magic
  2880 | D:3      | Noticed a steam dragon
  3498 | D:4      | Found a stormy altar of Qazlal.
  3613 | D:4      | Noticed a black bear
  3626 | D:4      | Killed a black bear
  3627 | D:4      | Reached skill level 7 in Ice Magic
  3627 | D:4      | Reached XP level 5. HP: 25/28 MP: 4/13
  3705 | D:4      | Noticed Ijyb
  3714 | D:4      | Killed Ijyb
  3772 | D:4      | Noticed Menkaure
  3798 | D:4      | Killed from afar by Menkaure

Illustrated notes

Levels and vault maps discovered:
D:1:      co_arrival_square_in_a_square_in_a_square, layout_basic,
          shapermc_ecumenical_altar_venn, corexii_corridor_pit,
          minmay_misc_feat_encased, grunt_decor_one_mirror, fountainhead,
          amcnicky_mini_corridor_feature
D:2:      layout_rooms, basic_altar, serial_shops, shop,
          chequers_serial_rivers_small_3
D:3:      layout_rooms, mainiacjoe_overflow_tiny_flanked,
          nicolae_ru_the_path_less_chosen
D:4:      layout_basic, grunt_qazlal_sundering, minmay_misc_feat_room,
          uniq_menkaure, uniq_ijyb

Skill      XL: |  1  2  3  4 |
---------------+-------------+-----
Ice Magic      | 5 7 |  7.5
Spellcasting   | 4 |  4.0
Dodging        | |  2.4
Stealth        | |  2.4

Action                   |  1- 3 |  4- 6 || total
-------------------------+-------+-------++-------
Melee: Club              |     2 |       ||     2
       Dagger            |       |    20 ||    20
       Short sword       |       |     1 ||     1
 Cast: Freeze            |    57 |     4 ||    61
       Frozen Ramparts   |     5 |    17 ||    22
       Ozocubu's Armour  |     2 |     5 ||     7
  Use: Scroll            |     2 |       ||     2
Armor: Robe              |    14 |     6 ||    20
Dodge: Dodged            |    31 |    12 ||    43
